 Dungeon Crawl Stone Soup version 0.18.1-48-g4cf74bf (webtiles) character file.

175 Doomgape the Insei (level 5, -10/32 HPs)
             Began as a Tengu Monk on July 31, 2016.
             Killed by divine providence
             ... invoked by an orc priest
              (13 damage)
             ... on level 4 of the Dungeon.
             The game lasted 00:05:14 (2677 turns).

Doomgape the Insei (Tengu Monk)                     Turns: 2677, Time: 00:05:15

Health: -10/32     AC:  6    Str: 12    XL:     5   Next: 55%
Magic:  6/6        EV: 11    Int: 11    God:
Gold:   215        SH:  0    Dex: 16    Spells: 0 memorised, 4 levels left

rFire  . . .     SeeInvis .       - Unarmed
rCold  . . .     Gourm    .     g - +0 leather armour
rNeg   . . .     Faith    .     (no shield)
rPois  .         Spirit   .     (helmet restricted)
rElec  .         Dismiss  +     (no cloak)
rCorr  .         Reflect  .     k - +2 pair of gloves
SustAt .         Harm     .     (boots unavailable)
MR     .....                    r - amulet of dismissal
Stlth  ++........               (no ring)
                                i - +3 ring of evasion

@: not resistant to hostile enchantments, unstealthy
A: beak, talons 3, able to fly 1
a: Fly


You were on level 4 of the Dungeon.
You were hungry.

You visited 1 branch of the dungeon, and saw 4 of its levels.

You collected 215 gold pieces.

Inventory:

Armour
 e - a +0 shield
 g - a +0 leather armour (worn)
 k - a +2 pair of gloves (worn)
Jewellery
 i - a +3 ring of evasion (left hand)
 j - a +5 ring of intelligence {unknown}
 o - an uncursed ring of see invisible {unknown}
 r - an amulet of dismissal (around neck)
Scrolls
 a - 5 scrolls of identify
 c - 2 scrolls of fear
 h - a scroll of remove curse
 m - a scroll of random uselessness {unknown}
Potions
 d - a potion of berserk rage
 f - a potion of resistance
 l - a potion of invisibility {unknown}
 p - a potion of brilliance {unknown}
 q - 3 potions of flight {unknown}
 s - a potion of degeneration {unknown}
Comestibles
 b - 4 bread rations
 n - a meat ration


   Skills:
 - Level 3.0 Fighting
 - Level 3.2 Dodging
 - Level 2.0 Stealth
 + Level 7.3 Unarmed Combat


You had 4 spell levels left.
You didn't know any spells.

Dungeon Overview and Level Annotations

Branches:
Dungeon (4/15)
 Temple: D:4-7

Altars:
Ashenzari
Trog
Vehumet


Innate Abilities, Weirdness & Mutations

You have a beak for a mouth.
You have claws for feet.
You can fly.


Message History

Found a stone staircase leading down.
There is a stone staircase leading down here.
The orc priest mumbles some strange prayers to Beogh against you.
Beogh smites you!
You see here 23 stones.
The orc priest invokes the aid of Beogh against you.
Beogh smites you!
Ouch! That really hurt!
* * * LOW HITPOINT WARNING * * *
The orc wizard mumbles some strange words.
The orc wizard flickers and vanishes!
Deactivating autopickup; reactivate with Ctrl-A.
The orc priest looks braver for a moment.
There is a stone staircase leading up here.
Unknown command.
Unknown command.
The orc closely misses you.
The orc priest mumbles some strange prayers to Beogh against you.
Beogh smites you!
You die...

...# #......# ....#
##......### .r...
#.........#### .....
##............# ..o..
##.............#
...o.##..o.>.........# ####
.....#..............# #..##
...r.).....o........# ##...##
..........o...oo@..## ##.....#
........(..........# #......#
..................## ##.....†#
..................# #.......#
.................## ##.......#
...............### #........#
...............######........#
..................##.........#
............................#


You could see 2 orc priests and 3 orcs.

Vanquished Creatures
  An iguana (D:4)
  Terence (D:3)
  Robin (D:3)
  3 adders (D:2)
  2 oozes
  2 worms (D:2)
  2 dart slugs
  2 giant geckos
  2 orcs
  3 ball pythons
  2 giant cockroaches
  8 hobgoblins
  4 jackals
  2 kobolds
  A quokka (D:2)
  A ball python skeleton (D:3)
  4 bats
  4 giant newts
  17 goblins
  4 rats
66 creatures vanquished.

Notes
Turn   | Place    | Note
--------------------------------------------------------------
     0 | D:1      | Doomgape the Tengu Monk began the quest for the Orb.
     0 | D:1      | Reached XP level 1. HP: 14/14 MP: 2/2
   246 | D:1      | Reached XP level 2. HP: 6/19 MP: 3/3
   252 | D:1      | Reached skill level 5 in Unarmed Combat
   661 | D:1      | Reached XP level 3. HP: 23/23 MP: 4/4
  1035 | D:2      | Found a shattered altar of Ashenzari.
  1120 | D:2      | Reached skill level 6 in Unarmed Combat
  1120 | D:2      | Reached XP level 4. HP: 18/28 MP: 5/5
  1613 | D:2      | Found a bloodstained altar of Trog.
  1966 | D:3      | Noticed Terence
  1993 | D:3      | Killed Terence
  2010 | D:3      | Noticed Robin
  2015 | D:3      | Gained mutation: You can fly. [Tengu growth]
  2015 | D:3      | Reached XP level 5. HP: 18/32 MP: 6/6
  2028 | D:3      | Killed Robin
  2256 | D:3      | Found a radiant altar of Vehumet.
  2368 | D:3      | Reached skill level 7 in Unarmed Combat
  2677 | D:4      | Killed from afar by an orc priest

Skill      XL: |  1  2  3  4  5 |
---------------+----------------+-----
Unarmed Combat | 5 6 7 |  7.3
Fighting       | |  3.0
Dodging        | |  3.2
Stealth        | |  2.0

Action                   |  1- 3 |  4- 6 || total
-------------------------+-------+-------++-------
Melee: Unarmed           |    77 |   108 ||   185
       Kick              |    17 |    28 ||    45
       Peck              |    11 |    18 ||    29
  Use: Scroll            |       |     6 ||     6
       Potion            |       |     2 ||     2
 Stab: Sleeping          |     2 |     1 ||     3
  Eat: Chunk             |       |     5 ||     5
Armor: Leather armour    |    19 |    18 ||    37
       Robe              |     3 |       ||     3
Dodge: Dodged            |    64 |    66 ||   130
